 Dungeon Crawl Stone Soup version 0.25-a0-166-g16436c4407 (webtiles) character file.

Game seed: 9913885835659501720, levelgen mode: deterministic

303 MrRokkomies the Ruffian (level 6, -2/56 HPs)
             Began as a Ghoul Monk on Nov 23, 2019.
             Slain by an orc priest
             ... wielding a +0 club
              (7 damage)
             ... on level 4 of the Dungeon.
             The game lasted 00:08:34 (2735 turns).

MrRokkomies the Ruffian (Ghoul Monk)                Turns: 2735, Time: 00:08:35

Health: -2/56      AC:  4    Str: 17    XL:     6   Next: 38%
Magic:  5/5        EV: 13    Int:  5    God:
Gold:   200        SH:  0    Dex: 11    Spells: 5/5 levels left

rFire    . . .     SeeInvis .     - Unarmed
rCold    + . .     Gourm    .   (no shield)
rNeg     + + +     Faith    +   a - +0 robe
rPois    ∞         Spirit   .   j - +0 helmet
rElec    .         Reflect  .   (no cloak)
rCorr    .         Harm     .   (no gloves)
MR       .....                  c - +0 pair of boots
Stlth    ++........             i - amulet of faith
HPRegen  0.00/turn              (no ring)
MPRegen  0.09/turn              (no ring)

@: rotting
A: rotting body, claws 1, carnivore, cold resistance 1, negative energy
resistance 3, inhibited regeneration, torment resistance, unbreathing
a: no special abilities


You were on level 4 of the Dungeon.
You were not hungry.

You visited 1 branch of the dungeon, and saw 4 of its levels.

You collected 200 gold pieces.

Inventory:

Armour
 a - a +0 robe (worn)
 c - a +0 pair of boots (worn)
 j - a +0 helmet (worn)
Jewellery
 i - an amulet of faith (around neck)
Scrolls
 e - 2 scrolls of teleportation {unknown}
 f - 5 scrolls of identify
 n - a scroll of magic mapping {unknown}
Potions
 g - a potion of heal wounds {unknown}
 h - 2 potions of berserk rage {unknown}
 k - a potion of brilliance {unknown}
 l - a potion of agility {unknown}
 m - a potion of might
 o - 2 potions of lignification {unknown}
 p - 2 potions of magic {unknown}
Comestibles
 b - 5 rations
 q - 2 chunks of flesh


   Skills:
 * Level 5.4 Fighting
 + Level 3.7 Dodging
 - Level 2.1 Stealth
 * Level 5.4 Unarmed Combat


You had 5 spell levels left.
You didn't know any spells.
Your spell library was empty.

Dungeon Overview and Level Annotations

Branches:
Dungeon (4/15)
 Temple: D:4-7

Altars:
Qazlal


Innate Abilities, Weirdness & Mutations

Your body is rotting away.
You thrive on raw meat.
You are immune to poison.
You have sharp fingernails.
You are carnivorous and can eat meat at any time.
Your flesh is cold resistant. (rC+)
You are immune to negative energy. (rN+++)
You do not regenerate when monsters are visible.
You are immune to unholy pain and torment.
You can survive without breathing.


Message History

You scratch the orc priest.
The orc priest is severely wounded.
You scratch the orc priest but do no damage.
The orc priest is severely wounded.
The orc priest misses you.
You scratch the orc priest.
The orc priest is almost dead.
The orc priest mumbles some strange prayers to Beogh against you.
Beogh smites you!
* * * LOW HITPOINT WARNING * * *
You barely miss the orc priest.
The orc priest is almost dead.
The orc priest closely misses you.
You scratch the orc priest but do no damage.
The orc priest is almost dead.
The orc priest closely misses you.
You barely miss the orc priest.
The orc priest is almost dead.
The orc priest hits you with a +0 club!
You die...

### ###.###...###.##
#.. ..#...o.......# #.#
#.#...........## #.#
#.#.............
#.######.#.###...###.##
#.##.......# #...# #...
#<##.###...###...###.##
#.##.###.#...........##
#.##..@oo#####.........
#..).....# ###÷######
#######.## #.# #.# #.#
#.# ##+## #.# ##...##
##.## ##.....##
####...# ##.......##
###....#.###.........##


You could see an orc priest and an orc.

Vanquished Creatures
  3 orc wizards (D:4)
  Jessica (D:2)
  A worker ant (D:4)
  4 gnolls (D:3)
  6 adders
  2 oozes (D:3)
  A worm (D:3)
  4 leopard geckos
  4 orcs
  2 giant cockroaches (D:3)
  3 goblins (D:1)
  6 hobgoblins
  A quokka (D:4)
  3 ball pythons
  9 bats
  4 frilled lizards
  7 kobolds
  8 rats
69 creatures vanquished.

Notes
Turn   | Place    | Note
-------+----------+-------------------------------------------
     0 | D:1      | MrRokkomies the Ghoul Monk began the quest for the Orb.
     0 | D:1      | Reached XP level 1. HP: 19/19 MP: 0/0
   245 | D:1      | Reached XP level 2. HP: 23/26 MP: 1/1
  1089 | D:2      | Reached XP level 3. HP: 14/33 MP: 2/2
  1378 | D:2      | Noticed Jessica
  1386 | D:2      | Killed Jessica
  1386 | D:2      | Reached XP level 4. HP: 25/40 MP: 3/3
  1401 | D:2      | Found a stormy altar of Qazlal.
  1425 | D:2      | You fall into a shaft and drop 1 floor!
  1533 | D:3      | Reached XP level 5. HP: 24/47 MP: 4/4
  2533 | D:4      | Reached skill level 5 in Fighting
  2533 | D:4      | Reached skill level 5 in Unarmed Combat
  2537 | D:4      | Reached XP level 6. HP: 33/56 MP: 5/5
  2735 | D:4      | Slain by an orc priest

Levels and vault maps discovered:
D:1:      shiori_arrival_elements, layout_basic
D:2:      layout_rooms, grunt_qazlal_clouds, first_ration, uniq_jessica
D:3:      layout_basic
D:4:      layout_loops_corners, minmay_temple_entry_ruins,
          minmay_misc_feat_cross

Skill      XL: |  1  2  3  4  5 |
---------------+----------------+-----
Dodging        | 3 |  3.7
Unarmed Combat | 4 5 |  5.4
Fighting       | 4 5 |  5.4
Stealth        | |  2.1

Action                   |  1- 3 |  4- 6 || total
-------------------------+-------+-------++-------
Melee: Unarmed           |   108 |   147 ||   255
       Punch             |     1 |     2 ||     3
  Use: Scroll            |     3 |     1 ||     4
       Potion            |       |     1 ||     1
 Stab: Sleeping          |     5 |     2 ||     7
  Eat: Chunk             |     3 |    10 ||    13
Armor: Robe              |    23 |    33 ||    56
Dodge: Dodged            |    66 |   102 ||   168

Table legend:
 A = Non-vault XP
 B = Vault XP
 C = Vault XP percentage of total XP
 D = Non-vault monster count
 E = Vault monster count
 F = Vault count percentage of total count
                 A         B        C        D         E       F
            +---------+---------+-------+---------+---------+-------
      Total |     397 |      37 |   8.5 |      68 |       1 |   1.4
            +---------+---------+-------+---------+---------+-------
        D:1 |      25 |       0 |   0.0 |      17 |       0 |   0.0
        D:2 |      71 |      37 |  34.3 |      15 |       1 |   6.2
        D:3 |     128 |       0 |   0.0 |      28 |       0 |   0.0
        D:4 |     173 |       0 |   0.0 |       8 |       0 |   0.0
            +---------+---------+-------+---------+---------+-------
